 Dungeon Crawl Stone Soup version 0.24.0-13-gcf9b319 (webtiles) character file.

Game seed: 16145447804798737381, levelgen mode: deterministic

77994 Arex the Grappler (level 15, -38/97 HPs)
             Began as a Vampire Fighter on Dec 12, 2019.
             Was an Initiate of Gozag.
             Killed from afar by a thorn hunter (42 damage)
             ... with a volley of thorns
             ... on level 2 of the Swamp on Dec 13, 2019.
             The game lasted 01:16:46 (27519 turns).

Arex the Grappler (Vampire Fighter)                Turns: 27519, Time: 01:16:47

Health: -38/97     AC: 30    Str: 22    XL:     15   Next: 16%
Magic:  0/26       EV: 12    Int: 16    God:    Gozag
Gold:   421        SH: 14    Dex: 19    Spells: 14/14 levels left

rFire    . . .     SeeInvis +     - Unarmed
rCold    + + .     Gourm    .   b - +0 shield
rNeg     + + +     Faith    .   T - +2 crystal plate armour
rPois    ∞         Spirit   +   W - +1 hat {MR+}
rElec    +         Reflect  .   S - +0 cloak
rCorr    .         Harm     .   l - +0 pair of gloves {archery}
MR       ++...                  m - +2 pair of boots
Stlth    ..........             s - amulet of guardian spirit
HPRegen  0.00/turn              x - ring of the Cockroach {+Blink rPois Str+2 Stlth-}
MPRegen  0.20/turn              C - ring of Huts {rElec MP+9 Int+4 Slay+5 Stlth-}

@: agile, flying, bloodless, regenerating quickly, studying 2 skills, invisible
A: no food, fangs 3, see invisible, unbreathing
a: Bat Form, Revivify, Potion Petition, Call Merchant, Bribe Branch, Renounce
Religion, Evoke Blink


You were on level 2 of the Swamp.
You worshipped Gozag.
Gozag was aware of your devotion.
You were bloodless.

You visited 5 branches of the dungeon, and saw 22 of its levels.

You collected 7802 gold pieces.
You spent 3684 gold pieces at shops.
You paid 3697 gold pieces to Gozag.

Inventory:

Missiles
 D - 2 throwing nets (quivered)
Armour
 b - a +0 shield (worn)
 k - a +3 plate armour of magic resistance
 l - a +0 pair of gloves of archery (worn)
 m - a +2 pair of boots (worn)
 S - a +0 cloak (worn)
 T - a +2 crystal plate armour (worn)
 W - a +1 hat of magic resistance (worn)
 X - the -1 pair of gloves of the Hare {rElec rN+}
   (You bought it in a shop on level 2 of the Lair of Beasts)

   It insulates you from electricity.
   It protects you from negative energy.
Jewellery
 j - an uncursed ring of protection from cold
 s - an amulet of guardian spirit (around neck)
 x - the ring of the Cockroach (left hand) {+Blink rPois Str+2 Stlth-}
   (You took it off an orc warrior on level 2 of the Orcish Mines)

   [ring of attention]

   It affects your strength (+2).
   It protects you from poison.
   It lets you blink.
   It makes you less stealthy.
 B - an uncursed ring of fire
 C - the ring of Huts (right hand) {rElec MP+9 Int+4 Slay+5 Stlth-}
   (You found it on level 6 of the Dungeon)

   [ring of intelligence]

   It affects your intelligence (+4).
   It affects your accuracy and damage with ranged weapons and melee attacks
   (+5).
   It insulates you from electricity.
   It affects your magic capacity (+9).
   It makes you less stealthy.
 L - the ring of Inteekla {rCorr Str+6, unknown}
   (You found it on level 1 of the Swamp)

   [ring of resist corrosion]

   It affects your strength (+6).
   It provides partial protection from all sources of acid and corrosion.
 Q - an uncursed amulet of magic regeneration {unknown}
Wands
 z - a wand of digging (3)
 G - a wand of flame (12)
 O - a wand of acid (11)
 R - a wand of polymorph (14)
 U - a wand of iceblast (1)
Scrolls
 a - 4 scrolls of immolation
 e - 6 scrolls of amnesia
 f - 2 scrolls of magic mapping
 g - 2 scrolls of noise {unknown}
 h - 9 scrolls of teleportation
 i - 9 scrolls of remove curse
 t - a scroll of acquirement {unknown}
 u - a scroll of blinking {unknown}
 v - a scroll of brand weapon {unknown}
 y - 2 scrolls of fog
 A - a scroll of random uselessness {unknown}
 H - a scroll of vulnerability {unknown}
 K - 2 scrolls of fear
 N - a scroll of torment
Potions
 d - 3 potions of resistance
 n - 5 potions of mutation {unknown}
 o - a potion of berserk rage
 p - 5 potions of curing
 q - 6 potions of lignification
 r - 3 potions of flight
 w - a potion of haste
 E - 3 potions of ambrosia {unknown}
 F - 2 potions of agility
 I - 3 potions of brilliance
 P - 2 potions of heal wounds {unknown}
 V - a potion of magic
Books
 J - a manual of Axes
 M - a manual of Slings


   Skills:
 + Level 12.4 Fighting
 + Level 11.5 Armour
 - Level 5.8 Dodging
 + Level 12.5 Shields
 + Level 14.3 Unarmed Combat
 + Level 2.8 Evocations


You had 14 spell levels left.
You didn't know any spells.
Your spell library contained the following spells:

 Spells                   Type           Power        Failure   Level  Hunger
 Magic Dart               Conj           #...         100%        1    N/A
 Shock                    Conj/Air       #...         100%        1    N/A
 Blink                    Tloc           N/A          100%        2    N/A
 Call Imp                 Summ           #.......     100%        2    N/A
 Slow                     Hex            #.......     100%        2    N/A
 Swiftness                Chrm/Air       #.......     100%        2    N/A
 Conjure Flame            Conj/Fire      #.......     100%        3    N/A
 Mephitic Cloud           Conj/Pois/Air  #.......     100%        3    N/A
 Recall                   Summ/Tloc      N/A          100%        3    N/A
 Static Discharge         Conj/Air       #.......     100%        3    N/A
 Airstrike                Air            #.........   100%        4    N/A
 Aura of Abjuration       Summ           #.........   100%        5    N/A
 Lightning Bolt           Conj/Air       #.........   100%        5    N/A
 Summon Demon             Summ           #.........   100%        5    N/A
 Summon Forest            Summ/Tloc      #.........   100%        5    N/A
 Summon Mana Viper        Hex/Summ       #.......     100%        5    N/A
 Shadow Creatures         Summ           N/A          100%        6    N/A

Dungeon Overview and Level Annotations

Branches:
Dungeon (11/15)            Temple (1/1) D:4            Lair (6/6) D:11
  Swamp (2/4) Lair:2        Snake (0/4) Lair:2        Slime (0/5) Lair:6
    Orc (2/2) D:11            Elf (0/3) Orc:2

Altars:
Ashenzari
Cheibriados
Dithmenos
Elyvilon
Fedhas
Gozag
Hepliaklqana
Kikubaaqudgha
Makhleb
Nemelex Xobeh
Okawaru
Qazlal
Ru
Sif Muna
Trog
Uskayaw
Vehumet
Wu Jian
Xom
Yredelemnul
Zin
The Shining One
Jiyva

Shops:
D:9 [**   Orc:2 [%?[   Lair:2 [

Annotations:
D:4 1 runed translucent door, ogel02's ghost, amateur GrFi
D:5 3 runed translucent doors, Gorgoleon's ghost, novice DECj; blackflag1's ghost, amateur TeSu
D:8 2 transporters, reptisaurus's ghost, novice OpVM
Lair:6 1 runed translucent door


Innate Abilities, Weirdness & Mutations

You do not eat.
You do not regenerate when monsters are visible.
You are frail without blood (-20% HP).
You can heal yourself when you bite living creatures.
You are immune to poison.
You have razor-sharp teeth.
You have supernaturally acute eyesight. (SInv)
You can survive without breathing.


Message History

The thorn hunter is severely damaged.
The briar patch crumbles away.
The alligator bites you.
* * * LOW HITPOINT WARNING * * *
You block the alligator's attack. The thorn hunter hits you.
The thorn hunter hits you but does no damage.
Unknown command.
Okay, then.
Okay, then. [a] - 360 gold - might, agility and brilliance [b] - 390 gold - haste and flight [c] - 405 gold - flight, agility and invisibility Purchase which effect?
You feel very buoyant.
You fly up into the air.
You feel agile all of a sudden.
You fade into invisibility!
The briar patch crumbles away. x2; You block the alligator's attack. x2
The thorn hunter fires a volley of thorns at you.
The volley of thorns hits you!!!
You die...
Your body crumbles into a pile of gold.

♣<...≈.♣♣ ..
.♣♣.§≈≈≈.≈♣♣.♣
....≈♣..≈≈♣..♣
.≈.≈...♣≈...♣♣
.≈≈≈.≈≈≈≈≈≈>.♣
≈≈§≈≈...≈≈≈≈.♣♣
.≈.≈≈≈≈t(≈§.P≈♣ ♣≈ ≈≈≈♣
.≈≈.≈≈≈f@§≈≈PP♣♣♣≈♣≈≈≈♣
..§≈≈..♣≈≈§♣PP.♣♣.≈≈≈≈♣ .
≈≈§≈≈≈.≈.≈≈♣≈♣.♣♣.≈≈≈≈♣..
...≈≈..≈.§♣≈P≈.......≈♣..
♣♣≈≈.....♣..P♣.≈≈♣≈.≈≈.♣.
♣..§≈§...♣♣..P≈≈≈≈≈.≈≈...
♣.≈..≈≈♣.♣♣PP.≈≈≈....≈.♣.
..≈≈..§.♣♣♣≈PP.≈≈.♣≈≈≈...
≈.≈...♣ ♣♣.≈.....≈≈≈≈.≈≈


You could see a thorn hunter and an alligator.

Vanquished Creatures
  4 orc warlords
  Snorg (Lair:5)
  A fire dragon (Lair:6)
  2 shambling mangroves (Swamp:1)
  4 hydras
  5 death yaks
  A two-headed ogre (D:11)
  5 orc high priests
  4 alligators
  A fire crab (Lair:4)
  An unseen horror (D:10)
  3 swamp dragons
  Pikel (D:5)
  10 orc knights
  A lindwurm (Lair:6)
  5 orc sorcerers
  4 oklob plants
  An ugly thing (D:11)
  15 elephants
  2 black mambas
  A gargoyle (D:10)
  5 torpor snails (Lair:6)
  7 komodo dragons
  7 spiny frogs
  A wandering mushroom (Lair:5)
  9 trolls
  A polar bear (Lair:6)
  Grinder (D:5)
  9 dream sheep
  6 slime creatures (Swamp:2)
  A bog body (Swamp:1)
  7 hippogriffs
  12 hornets
  6 tyrant leeches
  10 blink frogs
  2 spriggans (Swamp:1)
  A wraith (D:10)
  Sigmund (D:2)
  2 wyverns
  27 yaks
  2 hungry ghosts
  Eustachio (D:4)
  2 vampire mosquitoes
  Menkaure (D:5)
  4 swamp worms
  4 nagas (Lair:2)
  10 wargs
  2 soldier ants
  9 insubstantial wisps (Swamp:1)
  Edmund (D:5)
  A floating eye (Lair:5)
  6 water moccasins
  4 swamp drakes
  3 porcupines
  3 ice beasts
  51 orc warriors
  3 sky beasts
  2 black bears
  9 ogres
  5 centaurs
  6 wolves (Lair:4)
  6 big kobolds
  10 crocodiles
  15 bullfrogs
  A gnoll sergeant (D:8)
  A water moccasin zombie (D:7)
  4 scorpions
  13 wights
  4 killer bees
  9 crimson imps
  2 quasits (D:8)
  2 centaur zombies
  4 hounds
  4 jellies
  A bullfrog skeleton (D:8)
  18 orc priests
  5 centaur skeletons
  Jessica (D:2)
  5 iguanas
  24 orc wizards
  8 worker ants
  2 hound zombies
  4 hound skeletons
  A worker ant zombie (D:8)
  8 gnolls
  2 howler monkey skeletons
  A howler monkey zombie (D:6)
  10 adders
  2 shadow imps
  An ooze (D:2)
  An adder skeleton (D:9)
  3 worms
  2 dart slugs
  3 leopard geckos
  96 orcs
  7 giant cockroaches
  6 goblins
  6 hobgoblins
  7 jackals
  26 kobolds
  4 quokkas
  2 ball pythons
  4 bats
  6 frilled lizards
  A jackal skeleton (D:4)
  A quokka zombie (D:7)
  7 rats
  A fungus (Lair:5)
  7 plants
674 creatures vanquished.

Vanquished Creatures (collateral kills)
  A hornet (Lair:6)
1 creature vanquished.

Vanquished Creatures (others)
  2 slaves (D:5)
  An orc wizard (Orc:2)
  A worker ant (D:5)
  An adder (D:5)
  A ball python (D:5)
  2 bushes (Lair:6)
  5 fungi
  5 plants (Lair:6)
  A withered plant (D:5)
19 creatures vanquished.

Grand Total: 694 creatures vanquished

Notes
Turn   | Place    | Note
-------+----------+-------------------------------------------
     0 | D:1      | Arex the Vampire Fighter began the quest for the Orb.
     0 | D:1      | Reached XP level 1. HP: 17/17 MP: 1/1
   149 | D:1      | Reached XP level 2. HP: 22/23 MP: 2/2
   886 | D:2      | Noticed Jessica
   894 | D:2      | Killed Jessica
   894 | D:2      | Reached XP level 3. HP: 22/26 MP: 3/3
  1013 | D:2      | Reached skill level 3 in Unarmed Combat
  1027 | D:2      | Noticed Sigmund
  1037 | D:2      | Killed Sigmund
  1037 | D:2      | Reached XP level 4. HP: 24/37 MP: 4/4
  1037 | D:2      | Reached XP level 5. HP: 27/42 MP: 5/5
  1355 | D:3      | Found a burning altar of Makhleb.
  1530 | D:3      | Found a shattered altar of Ashenzari.
  1941 | D:3      | Reached XP level 6. HP: 27/48 MP: 6/6
  2112 | D:3      | Reached skill level 4 in Unarmed Combat
  2339 | D:4      | Found a runed translucent door.
  2685 | D:4      | Reached skill level 1 in Dodging
  2781 | D:4      | Noticed ogel02's ghost (amateur GrFi)
  2816 | D:4      | Found a staircase to the Ecumenical Temple.
  2845 | D:4      | Reached XP level 7. HP: 38/54 MP: 7/7
  3098 | Temple   | Entered the Ecumenical Temple
  3316 | Temple   | Became a worshipper of Gozag Ym Sagoz the Greedy
  3463 | D:4      | Found a basalt altar of Yredelemnul.
  3497 | D:4      | Found a glowing golden altar of the Shining One.
  3497 | D:4      | Found a bloodstained altar of Trog.
  3577 | D:5      | Entered Level 5 of the Dungeon
  3577 | D:5      | Noticed Eustachio
  3604 | D:4      | Killed Eustachio
  3745 | D:5      | Reached skill level 5 in Unarmed Combat
  3819 | D:5      | Found a runed translucent gate.
  3821 | D:5      | Found a runed translucent gate.
  3822 | D:5      | Found a runed translucent gate.
  3823 | D:5      | Noticed blackflag1's ghost (amateur TeSu)
  3823 | D:5      | Noticed Gorgoleon's ghost (novice DECj)
  3852 | D:5      | Noticed Pikel
  3878 | D:5      | Killed Pikel
  3878 | D:5      | Reached skill level 5 in Fighting
  3878 | D:5      | Reached skill level 5 in Shields
  3878 | D:5      | Reached XP level 8. HP: 62/62 MP: 8/8
  4139 | D:5      | Noticed Menkaure
  4152 | D:5      | Killed Menkaure
  4259 | D:5      | Noticed Grinder
  4283 | D:5      | Paralysed by Grinder for 6 turns
  4298 | D:5      | Killed Grinder
  4298 | D:5      | Reached skill level 6 in Unarmed Combat
  4442 | D:5      | Reached skill level 5 in Armour
  4617 | D:5      | Noticed Edmund
  4649 | D:5      | Killed Edmund
  5471 | D:6      | Reached XP level 9. HP: 61/61 MP: 9/9
  5557 | D:6      | Got a clouded tin ring
  5619 | D:6      | Identified the ring of Huts {rElec MP+9 Int+4 Slay+5
                  | Stlth-} (You found it on level 6 of the Dungeon)
  6277 | D:7      | Reached skill level 5 in Dodging
  6743 | D:7      | Reached skill level 7 in Unarmed Combat
  6883 | D:7      | Paralysed by a hornet for 2 turns
  6889 | D:7      | Paralysed by a hornet for 3 turns
  7500 | D:8      | Found a hide-covered altar of Uskayaw.
  7543 | D:8      | Reached XP level 10. HP: 77/77 MP: 10/10
  7691 | D:8      | Noticed a two-headed ogre
  7692 | D:8      | Found a transporter.
  7692 | D:8      | Noticed reptisaurus's ghost (novice OpVM)
  7696 | D:8      | Found a transporter.
  8122 | D:8      | Reached skill level 8 in Unarmed Combat
  8133 | D:8      | Noticed a three-headed hydra
  8139 | D:8      | Killed a three-headed hydra
  8873 | D:9      | Reached skill level 9 in Unarmed Combat
  9040 | D:9      | Found a blossoming altar of Fedhas.
  9130 | D:9      | Found Guulef's General Store.
  9304 | D:9      | Bought a +0 helmet of see invisible for 149 gold pieces
  9304 | D:9      | Bought a +0 plate armour of magic resistance for 390 gold
                  | pieces
  9357 | D:9      | Bought a +0 pair of gloves of archery for 184 gold pieces
  9391 | D:10     | Entered Level 10 of the Dungeon
  9675 | D:10     | Noticed a gargoyle
  9688 | D:10     | Killed a gargoyle
  9688 | D:10     | Reached XP level 11. HP: 80/86 MP: 11/11
  9973 | D:10     | Noticed an unseen horror
  9984 | D:10     | Killed an unseen horror
 10579 | D:11     | Found a staircase to the Orcish Mines.
 10981 | D:11     | Noticed a two-headed ogre
 10988 | D:11     | Killed a two-headed ogre
 11082 | D:11     | Found a staircase to the Lair.
 11313 | D:11     | Noticed a cyan ugly thing
 11337 | D:11     | Killed a cyan ugly thing
 11337 | D:11     | Reached skill level 10 in Unarmed Combat
 11417 | Lair:1   | Entered Level 1 of the Lair of Beasts
 12472 | Lair:2   | Found a staircase to the Snake Pit.
 12589 | Lair:2   | Reached XP level 12. HP: 61/76 MP: 12/12
 12937 | Lair:2   | Found a staircase to the Swamp.
 14382 | Lair:4   | Reached skill level 11 in Unarmed Combat
 14927 | Lair:5   | Noticed a seven-headed hydra
 14938 | Lair:5   | Killed a seven-headed hydra
 15051 | Lair:5   | Noticed Snorg
 15064 | Lair:5   | Killed Snorg
 15103 | Lair:5   | Reached skill level 10 in Fighting
 15108 | Lair:5   | Reached skill level 10 in Shields
 15406 | Lair:5   | Noticed Nessos
 15413 | Lair:5   | Noticed Nessos
 15413 | Lair:5   | Nessos changed into Nessos the swamp dragon
 15433 | Lair:5   | Killed Nessos the swamp dragon
 15941 | Lair:5   | Paralysed by a floating eye for 2 turns
 16727 | Lair:6   | Entered Level 6 of the Lair of Beasts
 16939 | D:9      | Bought a +1 crystal plate armour for 1392 gold pieces
 17153 | Lair:6   | Reached XP level 13. HP: 83/83 MP: 13/13
 17205 | Lair:6   | Reached skill level 12 in Unarmed Combat
 17410 | Lair:6   | Reached skill level 10 in Armour
 17495 | Lair:6   | Found a viscous altar of Jiyva.
 17519 | Lair:6   | Noticed an azure jelly
 17524 | Lair:6   | Found a runed translucent door.
 17524 | Lair:6   | Found a staircase to the Slime Pits.
 17524 | Lair:6   | Noticed an azure jelly
 17524 | Lair:6   | Noticed an azure jelly
 18216 | Lair:6   | Found a runed translucent door.
 18216 | Lair:6   | Noticed a fire dragon
 18651 | Lair:6   | Reached skill level 13 in Unarmed Combat
 19422 | Lair:6   | Killed a fire dragon
 19675 | Orc:1    | Entered Level 1 of the Orcish Mines
 19814 | Orc:1    | Reached XP level 14. HP: 113/113 MP: 14/14
 20560 | Orc:2    | Entered Level 2 of the Orcish Mines
 20560 | Orc:2    | Found a staircase to the Elven Halls.
 20693 | Orc:2    | Noticed an orc warlord
 20723 | Orc:1    | Killed an orc warlord
 21330 | Orc:2    | Noticed an orc warlord
 21422 | Orc:1    | Killed an orc warlord
 23491 | Orc:2    | Found Xastrist's Armour Shop.
 23491 | Orc:2    | Found Hizoq's Magic Scroll Emporium.
 23496 | Orc:2    | Found Fuifetes's Food Shop.
 23496 | Orc:2    | Found Goddi's Armour Emporium.
 23505 | Orc:2    | Bought a scroll of magic mapping for 38 gold pieces
 23505 | Orc:2    | Bought a scroll of identify for 22 gold pieces
 23505 | Orc:2    | Bought a scroll of magic mapping for 38 gold pieces
 23991 | Orc:2    | Noticed an orc warlord
 24035 | Orc:1    | Killed an orc warlord
 24478 | Orc:2    | Identified the ring of the Cockroach {+Blink rPois Str+2
                  | Stlth-}
 24695 | Orc:1    | Reached skill level 14 in Unarmed Combat
 24850 | Orc:2    | Noticed an orc warlord
 25129 | Orc:2    | Killed an orc warlord
 25129 | Orc:2    | Reached skill level 1 in Evocations
 25340 | Orc:2    | Got a jewelled helmet
 25351 | Orc:2    | Identified the -1 helmet of Whack-A-Mole {*Slow +Fly rPois
                  | Regen+} (You found it on level 2 of the Orcish Mines)
 25588 | D:9      | Bought a potion of curing for 39 gold pieces
 25588 | D:9      | Bought a wand of acid (9) for 338 gold pieces
 25588 | D:9      | Bought a wand of acid (4) for 208 gold pieces
 25593 | D:9      | Bought a potion of agility for 60 gold pieces
 25593 | D:9      | Bought a potion of magic for 120 gold pieces
 25593 | D:9      | Bought a scroll of immolation for 52 gold pieces
 25593 | D:9      | Bought a potion of brilliance for 60 gold pieces
 25681 | Swamp:1  | Entered Level 1 of the Swamp
 26569 | Lair:2   | Bought a runed hat for 252 gold pieces
 26569 | Lair:2   | Bought a pair of faintly glowing gloves for 342 gold pieces
 26590 | Lair:2   | Identified the -1 pair of gloves of the Hare {rElec rN+}
                  | (You bought it in a shop on level 2 of the Lair of Beasts)
 26687 | Swamp:1  | Got a pitted bone ring
 26705 | Swamp:1  | Reached XP level 15. HP: 97/97 MP: 16/16
 27502 | Swamp:2  | Noticed a thorn hunter
 27518 | Swamp:2  | HP: 4/97 [alligator (2)]
 27519 | Swamp:2  | Killed from afar by a thorn hunter

Levels and vault maps discovered:
D:1:      matt_arrival_los_fun, layout_basic
D:2:      layout_rooms, uniq_sigmund, uniq_jessica
D:3:      layout_rooms, lemuel_doored_altar, bloody_makhleb
D:4:      layout_rooms, kennysheep_mini_moat, gammafunk_temple_overflow_pools,
          minmay_temple_entry_ruins, hellmonk_ghost_happy_afterlife
D:5:      layout_basic, first_ration, gammafunk_ghost_cemetery, uniq_grinder,
          uniq_pikel, uniq_eustachio, uniq_menkaure, uniq_edmund
D:6:      layout_basic
D:7:      layout_cave_pods
D:8:      wad_pebble_path, layout_basic, old_standard_altar,
          gammafunk_ghost_smash, hangedman_ranch [blue_anna_fruit_fields]
D:9:      layout_small_grid, fedhas_altar_3, serial_shops, kennysheep_mini
D:10:     layout_loops_ring, eino_tiny_chamber, water_maze_lemuel
D:11:     layout_rooms, lair_entry_dummy, erik_orc_1
Temple:   regret_index_temple_generic_petals
Lair:1:   layout_cave_pods, st_stairs_5
Lair:2:   layout_loops_ring, swamp_mist, minmay_snake_entry_guardpost_small,
          serial_bayou_pond_a
Lair:3:   layout_hall_layers, wad_woods_road_03, serial_bayou_shore_b,
          infiniplex_staircase_pool, grunt_megastairs_4,
          minmay_lair_oklob_chamber
Lair:4:   layout_roguey
Lair:5:   layout_hall_layers, serial_bayou_pond_d, disabler_island, uniq_nessos,
          uniq_snorg
Lair:6:   wormcave, layout_loops_ring, slime_altar_2, st_stairs_4,
          grunt_megastairs_5
Swamp:1:  layout_basic_swamp, evilmike_swamp_ruin_house_2
Swamp:2:  layout_falls_marsh, hangedman_swamp_diagram, swamp_pool2
Orc:1:    layout_caves
Orc:2:    grunt_orc_tribal_feast, layout_diamond_mine, minmay_orc_treasury

Skill      XL: |  1  2  3  4  5  6  7  8  9 10 11 12 13 14 |
---------------+-------------------------------------------+-----
Fighting       | 3 4 5 6 8 9 10 11 12 | 12.4
Shields        | 3 4 5 6 8 9 10 11 12 | 12.5
Unarmed Combat | 3 4 5 6 7 9 10 11 13 14 | 14.3
Armour         | 3 4 5 6 7 8 9 10 11 | 11.5
Dodging        | 1 3 4 5 |  5.8
Evocations     | 2 |  2.8

Action                   |  1- 3 |  4- 6 |  7- 9 | 10-12 | 13-15 || total
-------------------------+-------+-------+-------+-------+-------++-------
Melee: Unarmed           |    90 |   267 |   505 |   996 |  1395 ||  3253
       Bite              |     7 |    24 |    51 |   140 |   209 ||   431
Throw: Throwing net      |       |       |     1 |     4 |     5 ||    10
Invok: Potion Petition   |       |       |     1 |     1 |     2 ||     4
       Call Merchant     |       |       |       |     1 |     2 ||     3
 Abil: Exsanguinate      |     1 |       |     1 |     1 |     1 ||     4
       Revivify          |     1 |       |     1 |       |     1 ||     3
Evoke: Wand              |       |     1 |     3 |    18 |    16 ||    38
  Use: Potion            |     1 |     1 |       |     7 |     5 ||    14
       Scroll            |       |     5 |     4 |    12 |    10 ||    31
 Stab: Distracted        |       |       |     4 |     3 |     5 ||    12
       Invisible         |       |       |       |     6 |       ||     6
       Paralysed         |       |       |       |       |    12 ||    12
       Confused          |       |       |       |       |     2 ||     2
       Held in net/web   |       |       |       |       |     1 ||     1
Armor: Scale mail        |    40 |    80 |       |       |       ||   120
       Chain mail        |       |    31 |   107 |       |       ||   138
       Plate armour      |       |       |   194 |   425 |   224 ||   843
       Crystal plate arm |       |       |       |    32 |   399 ||   431
Dodge: Dodged            |    12 |    73 |   114 |   183 |   294 ||   676
Block: Shield            |    48 |   115 |   208 |   467 |   688 ||  1526
